 Dungeon Crawl Stone Soup version 0.20-a0-350-ga83eecc (webtiles) character file.

129 snakesoul the Magician (level 4, -4/24 HPs)
             Began as a Deep Elf Fire Elementalist on Dec 24, 2016.
             Killed by divine providence
             ... invoked by an orc priest
              (10 damage)
             ... on level 3 of the Dungeon.
             The game lasted 00:04:31 (2244 turns).

snakesoul the Magician (Deep Elf Fire Elementalist) Turns: 2244, Time: 00:04:32

Health: -4/24      AC:  4    Str:  5    XL:     4   Next: 88%
Magic:  1/12       EV: 13    Int: 21    God:
Gold:   125        SH:  0    Dex: 15    Spells: 3/11 levels left

rFire  . . .     SeeInvis .     e - +0 dagger
rCold  . . .     Gourm    .     a - +0 robe
rNeg   . . .     Faith    .     (no shield)
rPois  .         Spirit   .     (no helmet)
rElec  .         Reflect  .     w - +0 cloak
rCorr  .         Harm     .     x - +0 pair of gloves
MR     .....                    (no boots)
Stlth  ++........               (no amulet)
                                (no ring)
                                (no ring)

@: no status effects
A: no striking features
a: no special abilities


You were on level 3 of the Dungeon.
You were not hungry.

You visited 1 branch of the dungeon, and saw 3 of its levels.

You collected 125 gold pieces.

Inventory:

Hand Weapons
 e - a +0 dagger (weapon)
Armour
 a - a +0 robe (worn)
 w - a +0 cloak (worn)
 x - a +0 pair of gloves (worn)
Rods
 s - a +0 rod of shadows (12/12)
   (You found it on level 2 of the Dungeon)
Jewellery
 d - an uncursed ring of ice
 i - an uncursed ring of positive energy {unknown}
 n - an uncursed ring of wizardry {unknown}
Scrolls
 f - 3 scrolls of identify {unknown}
 j - a scroll of fear {unknown}
 m - a scroll of blinking {unknown}
 o - a scroll of remove curse {unknown}
 p - a scroll of enchant armour {unknown}
 q - 2 scrolls of random uselessness {unknown}
 r - a scroll of recharging {unknown}
 y - a scroll of amnesia {unknown}
Potions
 h - a potion of ambrosia {unknown}
 k - a potion of lignification {unknown}
 t - a potion of magic {unknown}
 v - a potion of heal wounds {unknown}
 z - a potion of curing {unknown}
Books
 b - a book of Flames

   Spells                             Type                      Level
   a - Flame Tongue                   Conjuration/Fire             1
   b - Throw Flame                    Conjuration/Fire             2
   c - Conjure Flame                  Conjuration/Fire             3
   d - Inner Flame                    Hexes/Fire                   3
   e - Sticky Flame                   Conjuration/Fire             4
   f - Fireball                       Conjuration/Fire             5
Comestibles
 c - 2 bread rations
 g - 4 chunks of flesh
 l - a royal jelly
 u - 2 meat rations


   Skills:
 - Level 2.4 Dodging
 - Level 2.4 Stealth
 + Level 4.1 Spellcasting
 * Level 4.1 Conjurations
 + Level 4.0 Fire Magic


You had 3 spell levels left.
You knew the following spells:

 Your Spells              Type           Power        Failure   Level  Hunger
a - Flame Tongue          Conj/Fire      ###..        1%          1    None
b - Conjure Flame         Conj/Fire      ###.....     10%         3    ###....
c - Sticky Flame          Conj/Fire      ###.....     24%         4    ####...


Dungeon Overview and Level Annotations

Branches:
Dungeon (3/15)

Altars:
Ashenzari
Hepliaklqana
Trog


Message History

Casting: Flame Tongue
Confirm with . or Enter, or press ? or * to list all spells.
Aiming: Flame Tongue
Press: ? - help, Shift-Dir - straight line, f/p - orc priest
Aim: an orc priest, wielding a flail and wearing a chain mail (heavily wounded)
The flame tongue hits the orc priest.
The orc priest appears unharmed.
The orc priest is heavily wounded.
The orc priest barely misses you.
Casting: Flame Tongue
Confirm with . or Enter, or press ? or * to list all spells.
You don't have enough magic to cast that spell.
Unknown command.
You barely miss the orc priest.
The orc priest is heavily wounded.
The orc priest miscasts a cantrip.
You closely miss the orc priest.
The orc priest is heavily wounded.
The orc priest mumbles some strange prayers to Beogh against you.
Beogh smites you!
You die...

######### . #.o).....
########### #@#
##....<...# ####.#
##.##.....# #....#
##.##.....# #.####
##.##.....# #.#
)..##.....# #.#
########### #.# #
#############.##.####
.....................


You could see an orc priest.

Vanquished Creatures
  Crazy Yiuf (D:2)
  5 adders
  An ooze (D:2)
  A leopard gecko (D:2)
  4 orcs (D:3)
  3 giant cockroaches
  6 goblins
  7 hobgoblins
  3 jackals (D:1)
  3 kobolds (D:1)
  A quokka (D:3)
  4 bats
  9 rats
48 creatures vanquished.

Notes
Turn   | Place    | Note
-------+----------+-------------------------------------------
     0 | D:1      | snakesoul the Deep Elf Fire Elementalist began the quest for the Orb.
     0 | D:1      | Reached XP level 1. HP: 10/10 MP: 6/6
   227 | D:1      | Reached XP level 2. HP: 15/15 MP: 8/8
   778 | D:1      | Reached XP level 3. HP: 19/19 MP: 7/10
   905 | D:1      | Learned a level 3 spell: Conjure Flame
   948 | D:2      | Found a hazy altar of Hepliaklqana.
  1051 | D:2      | Found a runed door.
  1118 | D:2      | Found a shattered altar of Ashenzari.
  1663 | D:2      | Reached XP level 4. HP: 24/24 MP: 8/11
  1753 | D:2      | Found a bloodstained altar of Trog.
  1776 | D:2      | Learned a level 4 spell: Sticky Flame
  1879 | D:2      | Noticed Crazy Yiuf
  1886 | D:2      | Killed Crazy Yiuf
  2244 | D:3      | Killed from afar by an orc priest

Vault maps used:
D:1:      wheals_arrival_shading, bh_walls_and_bars
D:2:      old_standard_altar, lightli_temple_of_fire, first_bread,
          nicolae_ashenzari_panopticon, uniq_crazy_yiuf_cottage
D:3:      minmay_door_path

Skill      XL: |  1  2  3  4 |
---------------+-------------+-----
Conjurations   | 2 3 4 |  4.1
Spellcasting   | 4 |  4.1
Fire Magic     | 4 |  4.0
Dodging        | |  2.4
Stealth        | |  2.4

Action                   |  1- 3 |  4- 6 || total
-------------------------+-------+-------++-------
Melee: Dagger            |    12 |     2 ||    14
 Cast: Flame Tongue      |    48 |    36 ||    84
       Conjure Flame     |       |     1 ||     1
 Stab: Sleeping          |     6 |       ||     6
  Eat: Chunk             |     1 |     3 ||     4
Armor: Robe              |     1 |       ||     1
Dodge: Dodged            |    16 |     4 ||    20
